 Dungeon Crawl Stone Soup version 0.17-a0-1667-g4ca74a1 (webtiles) character file.

16626 Edric the Protected (level 12, 0/165 HPs)
             Began as a Minotaur Berserker on Aug 17, 2015.
             Was a High Priest of Trog.
             Slain by Maud
             ... wielding a +4 long sword of draining
              (22 damage)
             ... on level 4 of the Lair of Beasts on Aug 18, 2015.
             The game lasted 02:45:02 (15084 turns).

Edric the Protected (Minotaur Berserker)           Turns: 15084, Time: 02:45:02

Health: 0/165      AC: 21    Str: 32    XL:     12   Next: 11%
Magic:  11/11      EV:  9    Int:  4    God:    Trog [*****.]
Gold:   924        SH:  0    Dex: 10    Spells: 0 memorised, 11 levels left

rFire  . . .     SeeInvis +     G - +2 triple sword (holy)
rCold  . . .     Clarity  .     j - +1 plate armour
rNeg   . . .     SustAt   +     (no shield)
rPois  .         Gourm    .     A - +2 hat {SInv}
rElec  .         Spirit   .     N - +1 cloak
rCorr  .         Warding  .     m - +0 pair of gloves
rMut   .         Stasis   .     v - +0 pair of boots
MR     .....                    (no amulet)
Stlth  ..........               (no ring)
                                p - ring of sustain attributes

@: berserking (expiring), very heavily drained, very quick, not resistant to
hostile enchantments, extremely unstealthy
A: retaliatory headbutt, horns 2
a: Burn Spellbooks, Berserk, Trog's Hand, Brothers in Arms, Renounce Religion


You were on level 4 of the Lair of Beasts.
You worshipped Trog.
Trog was extremely pleased with you.
You were not hungry.

You visited 4 branches of the dungeon, and saw 16 of its levels.
You also visited: Ossuary and Bailey.

You collected 924 gold pieces.

Inventory:

Hand weapons
 q - a +0 mace
 s - a +1 hand axe of draining
 G - a +2 triple sword of holy wrath (weapon)
 J - a +1 war axe of electrocution
Missiles
 t - 7 exploding tomahawks
 D - 5 javelins of penetration
 Q - 5 silver tomahawks
 T - 13 tomahawks of returning (quivered)
Armour
 j - a +1 plate armour (worn)
 m - a +0 pair of gloves (worn)
 v - a +0 pair of boots (worn)
 A - a +2 hat of see invisible (worn)
 N - a +1 cloak (worn)
Jewellery
 n - an uncursed ring of teleportation
 p - a ring of sustain attributes (left hand)
Magical devices
 e - a wand of heal wounds (3)
 i - a wand of digging (23)
 z - a wand of cold (8)
 B - a wand of fireball (10)
 C - a wand of slowing (22)
 M - a wand of paralysis (15)
 O - a wand of random effects (35)
 S - a wand of teleportation (1)
 V - a wand of flame (1)
Scrolls
 f - 5 scrolls of remove curse
 g - 4 scrolls of teleportation
 u - a scroll of recharging
 y - 4 scrolls of magic mapping
 F - a scroll of identify
 L - 3 scrolls of fear
 R - a scroll of brand weapon {unknown}
Potions
 a - 2 potions of invisibility
 h - 2 potions of haste
 k - 10 potions of curing
 l - 7 potions of might
 o - a potion of agility
 r - a potion of cancellation
 w - 2 potions of heal wounds {unknown}
 E - 3 potions of resistance
 H - 3 potions of flight {unknown}
 K - 5 potions of degeneration {unknown}
 P - 5 potions of magic
 W - a potion of cure mutation {unknown}
Comestibles
 b - 5 fruits
 c - 4 bread rations
 d - 5 meat rations
 x - 3 beef jerkies
 I - 5 slices of pizza


   Skills:
 + Level 11.4(7.6) Fighting
   Level 3.5(0.5) Short Blades
 + Level 1.3(0.0) Long Blades
 + Level 11.4(7.6) Axes
 + Level 0.5(3.8) Maces & Flails
 + Level 9.2(5.5) Throwing
 + Level 12.3(8.4) Armour
 + Level 5.3(2.0) Dodging
 + Level 1.8(0.0) Stealth


You had 11 spell levels left.
You didn't know any spells.

Dungeon Overview and Level Annotations

Branches:
Dungeon (10/15)            Temple (1/1) D:4            Lair (4/8) D:8
    Orc (1/4) D:10
  Swamp: Lair:3-6    Shoals: Lair:3-6     Snake: Lair:3-6    Spider: Lair:3-6

Altars:
Ashenzari
Cheibriados
Elyvilon
Fedhas
Gozag
Kikubaaqudgha
Makhleb
Nemelex Xobeh
Okawaru
Qazlal
Ru
Sif Muna
Trog
Vehumet
Xom
Zin
The Shining One

Annotations:
Lair:1 casanoah's ghost, powerful TrMo
Lair:4 Maud


Innate Abilities, Weirdness & Mutations

You reflexively headbutt those who attack you in melee.
You have a pair of horns on your head.


Message History

You feel drained.
You are too berserk!
You are too berserk!
You are too berserk!
You barely miss Maud.
Maud is severely wounded.
Maud hits you with a long sword of draining!
You feel drained.
* * * LOW HITPOINT WARNING * * *
Your plate armour prevents you from hitting Maud.
You headbutt Maud!
Maud is severely wounded.
Maud hits you with a long sword of draining!!
* * * LOW HITPOINT WARNING * * *
You feel drained.
* * * LOW HITPOINT WARNING * * *
You slash Maud! You headbutt Maud!
Maud is almost dead.
Maud hits you with a long sword of draining!!
You die...

.......##............#
..#....#...##...#.P.....
.PP.#.#P.##...........#
..........#....#......#
... #.....#...##.......
#..........P.......
.....##........... ..
##....[.##P.P P
#...@@(....(
#...........
#.#.........
###......... #######P..
P.


You could see Maud.

Vanquished Creatures
  Fannar (Lair:2)
  Harold (Lair:2)
  A griffon (Lair:3)
  A black mamba (Lair:2)
  5 spiny frogs
  2 komodo dragons
  A troll (Orc:1)
  9 blink frogs
  A hungry ghost (D:7)
  2 basilisks (Lair:4)
  5 yaks (Lair:3)
  5 hippogriffs
  A steam dragon (D:10)
  A warg (Orc:1)
  Edmund (D:6)
  A sky beast (D:5)
  7 water moccasins
  A swamp drake (D:10)
  3 porcupines
  2 centaurs
  7 orc warriors
  5 ice beasts
  A black bear (D:9)
  8 ogres
  A phantom (D:9)
  6 crocodiles
  The ghost of Kelyas the Shooter, an average HEHu (D:3)
  2 gnoll sergeants
  A big kobold (D:8)
  5 giant frogs
  3 wights (D:8)
  7 scorpions
  9 killer bees (D:9)
  2 water moccasin skeletons
  5 crimson imps
  11 orc wizards
  4 jellies
  A centaur skeleton (D:4)
  3 giant frog zombies
  2 human zombies (Ossuary)
  2 giant frog skeletons
  8 orc priests
  3 centaur zombies
  3 hounds
  6 iguanas
  5 worker ants
  2 big kobold zombies (Ossuary)
  7 sheep (Lair:2)
  A hound zombie (D:5)
  A hound skeleton (D:6)
  3 mummies (Ossuary)
  A worker ant zombie (D:10)
  31 gnolls
  34 river rats
  5 scorpion zombies (Ossuary)
  7 adders
  4 shadow imps
  An adder zombie (D:4)
  3 oozes
  An adder skeleton (D:10)
  5 worms
  6 giant geckos
  80 orcs
  A ball python (D:1)
  11 bats
  19 hobgoblins
  11 jackals
  A ball python zombie (D:6)
  6 giant newts
  4 gnoll zombies (Ossuary)
  9 goblins
  2 hobgoblin zombies (Ossuary)
  2 jackal skeletons (D:5)
  17 kobolds
  An orc zombie (Ossuary)
  5 quokkas
  A quokka zombie (D:4)
  8 rats
  2 fungi
454 creatures vanquished.

Vanquished Creatures (collateral kills)
  A hydra (Lair:2)
  A warg (Orc:1)
  An orc warrior (Orc:1)
  An orc priest (Orc:1)
  3 orcs (Orc:1)
7 creatures vanquished.

Vanquished Creatures (others)
  5 fungi
  3 plants
8 creatures vanquished.

Grand Total: 469 creatures vanquished

Notes
Turn   | Place    | Note
--------------------------------------------------------------
     0 | D:1      | Edric the Minotaur Berserker began the quest for the Orb.
     0 | D:1      | Reached XP level 1. HP: 19/19 MP: 0/0
   365 | D:1      | Reached skill level 4 in Fighting
   365 | D:1      | Reached XP level 2. HP: 27/27 MP: 1/1
   985 | D:2      | Acquired Trog's second power
   985 | D:2      | Reached XP level 3. HP: 30/33 MP: 2/2
  1138 | D:2      | Reached XP level 4. HP: 41/41 MP: 3/3
  2030 | D:3      | Noticed Kelyas's ghost (average HEHu)
  2052 | D:3      | Killed Kelyas's ghost
  2052 | D:3      | Reached skill level 5 in Fighting
  2052 | D:3      | Reached skill level 1 in Throwing
  2052 | D:3      | Reached XP level 5. HP: 19/48 MP: 4/4
  2245 | D:3      | Found a faded altar to an unknown god.
  2390 | D:3      | Found a blossoming altar of Fedhas.
  2958 | D:4      | Reached XP level 6. HP: 52/56 MP: 5/5
  2982 | D:4      | Noticed an ogre
  3051 | D:4      | Killed an ogre
  3051 | D:4      | Reached skill level 5 in Axes
  3297 | D:4      | Found a staircase to the Ecumenical Temple.
  3325 | Temple   | Entered the Ecumenical Temple
  3595 | D:4      | Reached XP level 7. HP: 58/62 MP: 6/6
  3714 | D:5      | Entered Level 5 of the Dungeon
  3846 | D:5      | Reached skill level 6 in Fighting
  3846 | D:5      | Reached skill level 5 in Armour
  4190 | D:5      | Acquired Trog's third power
  4945 | D:6      | Reached XP level 8. HP: 69/71 MP: 7/7
  4987 | D:6      | Noticed Edmund
  4992 | D:6      | Found a stormy altar of Qazlal.
  5004 | D:6      | Killed Edmund
  5006 | D:6      | Upgraded the game from 0.17-a0-1663-gb806841 to 0.17-a0-1667-g4ca74a1
  5105 | D:6      | Reached skill level 7 in Axes
  5477 | D:7      | Got an ichor-stained dagger
  5492 | D:7      | Identified the +7 dagger of the Pill Bug {flame, +Inv MR+} (You found it on level 7 of the Dungeon)
  5623 | D:7      | You fall through a shaft!
  5634 | D:8      | Received a gift from Trog
  5638 | D:8      | Reached skill level 8 in Axes
  5713 | D:8      | Found a staircase to the Lair.
  5756 | D:8      | Reached XP level 9. HP: 35/79 MP: 8/8
  5798 | D:8      | Found a sand-covered staircase.
  5946 | D:8      | Found a glowing silver altar of Zin.
  6016 | Ossuary  | Entered an ossuary
  6218 | Ossuary  | Received a gift from Trog
  6388 | Ossuary  | Reached skill level 1 in Short Blades
  6756 | D:8      | Reached skill level 9 in Armour
  6756 | D:8      | Reached skill level 1 in Stealth
  7000 | D:8      | Found a burning altar of Makhleb.
  7000 | D:8      | Found a radiant altar of Vehumet.
  7176 | Lair:1   | Entered Level 1 of the Lair of Beasts
  7290 | Lair:1   | Noticed a spiny frog
  7307 | Lair:1   | Killed a spiny frog
  7307 | Lair:1   | Reached skill level 5 in Throwing
  7706 | Lair:2   | Reached XP level 10. HP: 83/90 MP: 9/9
  7748 | Lair:2   | Noticed a black mamba
  7754 | Lair:2   | Killed a black mamba
  7754 | Lair:2   | Reached skill level 5 in Dodging
  7839 | Lair:2   | Noticed Harold
  7880 | Lair:2   | Killed Harold
  7880 | Lair:2   | Reached skill level 10 in Armour
  8437 | Lair:3   | Noticed a seven-headed hydra
  8607 | Lair:2   | Noticed Fannar
  8664 | Lair:2   | Received a gift from Trog
  8672 | Lair:2   | Reached skill level 10 in Fighting
  8761 | Lair:2   | Noticed a spiny frog
  8771 | Lair:2   | Killed a spiny frog
  8880 | Lair:2   | Killed Fannar
  8880 | Lair:2   | Reached skill level 10 in Axes
  8880 | Lair:2   | Reached skill level 11 in Armour
  8880 | Lair:2   | Reached XP level 11. HP: 66/100 MP: 10/10
  9193 | Lair:2   | Received a gift from Trog
  9625 | Lair:1   | Noticed casanoah's ghost (powerful TrMo)
 10090 | D:9      | Received a gift from Trog
 10144 | D:9      | Found a flagged portal.
 10179 | Bailey   | Entered a bailey
 11157 | D:9      | Received a gift from Trog
 11800 | D:10     | Entered Level 10 of the Dungeon
 12052 | D:10     | Found Ruda's Book Emporium.
 12559 | D:10     | Found a staircase to the Orcish Mines.
 12639 | Orc:1    | Entered Level 1 of the Orcish Mines
 12777 | Orc:1    | Received a gift from Trog
 13172 | Orc:1    | Received a gift from Trog
 13859 | Lair:2   | Killed a seven-headed hydra
 13859 | Lair:2   | Reached skill level 12 in Armour
 14213 | Lair:3   | Noticed a griffon
 14226 | Lair:3   | Killed a griffon
 14406 | Lair:3   | Received a gift from Trog
 14542 | Lair:3   | Reached XP level 12. HP: 110/110 MP: 11/11
 14923 | Lair:4   | Reached skill level 1 in Long Blades
 15070 | Lair:4   | Noticed Maud
 15084 | Lair:4   | Slain by Maud

Vault maps used:
D:1:      scummos_arrival_checkerplants
D:2:      first_bread
D:3:      ecumenical_altar_1, fedhas_altar_fruit_tree
D:4:      minmay_temple_entry_grid, serial_undead, serial_undead_a,
          serial_undead_b, serial_undead_b, serial_undead_a
D:6:      nicolae_qazlal_general_emergency, uniq_edmund
D:7:      nicolae_dithmenos_through_a_glass_darkly, yredelemnul_altar_generic
D:8:      grunt_temple_overflow_lords_of_destruction, dpeg_oklobed_lair,
          nicolae_ossuary_entry_false_entrances, basic_altar
D:9:      lightli_bailey_entry_fortress
D:10:     erik_orc_1, serial_shops, shop
Temple:   chambers_temple_14
Lair:1:   serial_bayou_lagoon_a, nicolae_quartered_pool_super,
          serial_bayou_ford_a
Lair:2:   minivault_11, serial_bayou_pond_c, uniq_fannar, uniq_harold
Lair:3:   grunt_megastairs_3
Lair:4:   uniq_maud, uniq_snorg
Orc:1:    nicolae_orc_damp_corner
Ossuary:  ossuary_minmay_scorpions
Bailey:   bailey_axe_2, bailey

Action                   |  1- 3 |  4- 6 |  7- 9 | 10-12 || total
-------------------------+-------+-------+-------+-------++-------
Melee: Hand axe          |    69 |   176 |   272 |   524 ||  1041
       Dagger            |       |       |     3 |    27 ||    30
       Short sword       |       |       |   113 |       ||   113
       War axe           |       |       |       |    55 ||    55
       Mace              |       |       |       |     9 ||     9
       Rapier            |       |       |       |     2 ||     2
       Triple sword      |       |       |       |    40 ||    40
Throw: Stone             |       |    43 |       |       ||    43
       Tomahawk          |       |     4 |    45 |   100 ||   149
       Javelin           |       |       |     7 |    62 ||    69
Invok: Burn Spellbooks   |       |     1 |     1 |     1 ||     3
       Berserk           |       |       |     2 |     6 ||     8
       Brothers in Arms  |       |       |     2 |     3 ||     5
Evoke: Wand              |       |       |       |     2 ||     2
  Use: Scroll            |       |     7 |    12 |     9 ||    28
       Potion            |       |     3 |     4 |     2 ||     9
 Stab: Distracted        |       |       |       |     1 ||     1
  Eat: Chunk             |       |     7 |     9 |    26 ||    42
       Fruit             |       |       |     4 |     1 ||     5
       Meat ration       |       |       |     1 |       ||     1
       Bread ration      |       |       |     2 |       ||     2
